 Dungeon Crawl Stone Soup version 0.14.0-15-g6b16f67 (webtiles) character file.

214 Qrupt the Cutter (level 5, 0/35 HPs)
             Began as a Halfling Fighter on Apr 18, 2014.
             Killed from afar by Blork the orc (8 damage)
             ... with a puff of flame
             ... on Level 4 of the Dungeon.
             The game lasted 00:08:29 (3227 turns).

Qrupt the Cutter (Halfling Fighter)                 Turns: 3227, Time: 00:08:29

HP   0/35        AC  6     Str 14      XL: 5   Next: 50%
MP   5/5         EV  9     Int  8      God:
Gold 72          SH 12     Dex 16      Spells:  0 memorised,  4 levels left

rFire  . . .     SeeInvis .     a - +0,+1 cutlass
rCold  . . .     Clarity  .     b - +0 scale mail
rNeg   + . .     Conserve .     c - +0 buckler
rPois  +         rCorr    .     (no helmet)
rElec  .         rRot     .     (no cloak)
SustAb . .       Spirit   .     (no gloves)
rMut   .         Warding  +     (no boots)
Saprov . . .     Rnd*Tele +     l - amulet of warding
MR     .....                    n - cursed ring of teleportation
                                g - ring of poison resistance

@: not resistant to hostile enchantments, extremely unstealthy
A: mutation resistance 1, slow metabolism 1
a: Evoke Teleportation


You were on level 4 of the Dungeon.
You were near starving.

You visited 1 branch of the dungeon, and saw 4 of its levels.

You collected 72 gold pieces.

Inventory:

Hand weapons
 a - a +0,+1 cutlass (weapon)
Missiles
 w - 15 poisoned needles
 x - 8 curare-tipped needles
Armour
 b - a +0 scale mail (worn)
 c - a +0 buckler (worn)
Comestibles
 d - 2 bread rations
 f - 2 apples
 s - a meat ration
 u - 3 chokos
Scrolls
 h - a scroll of enchant weapon I {unknown}
 i - a scroll of noise {unknown}
 j - 2 scrolls of teleportation
 y - a scroll of enchant armour {unknown}
Jewellery
 g - a ring of poison resistance (left hand)
 l - an amulet of warding (around neck)
 n - a cursed ring of teleportation (right hand)
Potions
 e - a potion of heal wounds
 p - 2 potions of curing
 t - a potion of poison {unknown}
 v - a potion of haste {unknown}
 z - a potion of paralysis {unknown}


   Skills:
 - Level 2.6 Fighting
 + Level 7.0 Short Blades
 - Level 2.4 Armour
 - Level 3.2 Shields


You had 4 spell levels left.
You didn't know any spells.

Dungeon Overview and Level Annotations

Branches:
Dungeon (4/15)
 Temple: D:4-7

Altars:
Fedhas
Sif Muna
Yredelemnul

Annotations:
D:3 Heini's ghost, average MiFi
D:4 Blork the orc; Natasha


Innate Abilities, Weirdness & Mutations

You are small and have problems with some larger weapons.
You are somewhat resistant to further mutation.
You have a slow metabolism.


Message History

The worker ant is heavily wounded.
You feel sick.
The shadow imp shouts, "Bolt, thou jarring base-court bounder!"
You block the giant mite's attack. The worker ant barely misses you.
You block the shadow imp's attack.
You hit the worker ant.
The worker ant is almost dead.
Your surroundings suddenly seem different.
No target in view!
You start resting.
You feel sick. x4
You are no longer poisoned.
You start resting.
Blork the orc shouts!
Blork the orc points at you and mumbles some strange words.
The magic dart hits you!
* * * LOW HITPOINT WARNING * * *
Blork the orc casts a spell at you. The puff of flame hits you!
You die...

....S. . ...... ... ...o.
... .# #...# #.# .# #...#
#.# ...#####..>###.###
.......!>..........
...#####...###.#########....
................@......o....
....).[#..####.##...####....
.# ... #.. #.##...# .#.. #s.
##.##...# .... ... #...#####
.### ..(. #...# .# ....
##...# .# .##...## .# #.)).#


You could see Blork the orc.

Vanquished Creatures
  An orc wizard (D:3)
  A worker ant (D:4)
  An adder (D:2)
  A worm (D:3)
  A giant gecko (D:2)
  3 oozes
  3 orcs (D:3)
  3 giant cockroaches
  10 goblins
  5 hobgoblins
  4 quokkas
  A ball python (D:3)
  10 bats
  2 giant newts
  11 kobolds
  6 rats
63 creatures vanquished.

Notes
Turn   | Place    | Note
--------------------------------------------------------------
     0 | D:1      | Qrupt, the Halfling Fighter, began the quest for the Orb.
     0 | D:1      | Reached XP level 1. HP: 15/15 MP: 1/1
   120 | D:1      | Reached XP level 2. HP: 17/20 MP: 2/2
   161 | D:1      | Reached skill level 4 in Short Blades
   273 | D:1      | Reached XP level 3. HP: 25/25 MP: 3/3
   813 | D:2      | Reached skill level 5 in Short Blades
  1425 | D:2      | Reached XP level 4. HP: 28/30 MP: 4/4
  1750 | D:3      | Found a deep blue altar of Sif Muna.
  1765 | D:3      | Found a basalt altar of Yredelemnul.
  1781 | D:3      | Found a blossoming altar of Fedhas.
  1904 | D:3      | Noticed Heini's ghost (average MiFi)
  2506 | D:3      | Reached skill level 6 in Short Blades
  2506 | D:3      | Reached XP level 5. HP: 10/35 MP: 5/5
  3103 | D:4      | Noticed Blork the orc
  3164 | D:4      | Reached skill level 7 in Short Blades
  3165 | D:4      | Noticed Natasha
  3227 | D:4      | Killed from afar by Blork the orc

Action                   |  1- 3 |  4- 6 || total
-------------------------+-------+-------++-------
Melee: Cutlass           |   146 |   155 ||   301
  Use: Potion            |       |     3 ||     3
       Scroll            |       |     9 ||     9
